 Dungeon Crawl Stone Soup version 0.28-a0-503-g83f2989fac (webtiles) character file.

Game seed: 7933538453402614402

70221 lunkers the Brawler (level 14, -1/146 HPs)
             Began as a Troll Cinder Acolyte on Sept 20, 2021.
             Was a High Priest of Ignis.
             Slain by an ufetubus (2 damage)
             ... summoned by a ynoxinul
             ... summoned by an orc high priest
             ... on level 2 of the Orcish Mines.
             The game lasted 00:45:04 (18007 turns).

lunkers the Brawler (Troll Cinder Acolyte)         Turns: 18007, Time: 00:45:05

Health: -1/146     AC:  5    Str: 29    XL:     14   Next: 93%
Magic:  14/14      EV:  8    Int: 10    God:    Ignis [*****.]
Gold:   1176       SH:  9    Dex:  5    Spells: 15/15 levels left

rFire   + . .      SeeInvis .     - Unarmed
rCold   + . .      Faith    .   a - +1 kite shield
rNeg    + . .      Spirit   .   G - +0 acid dragon scales
rPois   +          Reflect  .   s - +2 hat
rElec   .          Harm     .   H - +2 cloak {rCorr}
rCorr   +          Rampage  .   (gloves unavailable)
Will    ++++.                   (boots unavailable)
Stlth   ..........              Y - amulet of regeneration
HPRegen 2.34/turn               C - ring of Yrruocis {*Corrode rPois rC+ rN+ Will+++}
MPRegen 0.14/turn               K - +4 ring of protection

@: corroded
A: large, unfitting armour, claws 3, regeneration 1, shaggy fur 1, tough skin 1
a: Renounce Religion, Sea of Fire, Foxfire Swarm, Rising Flame


You were on level 2 of the Orcish Mines.
You worshipped Ignis.
Ignis was extremely pleased with you.
You visited 3 branches of the dungeon, and saw 19 of its levels.
You also visited: Gauntlet and Volcano.

You collected 1556 gold pieces.
You spent 380 gold pieces at shops.

Inventory:

Missiles
 A - 5 throwing nets
 O - 14 curare-tipped darts
Armour
 a - a +1 kite shield (worn)
 s - a +2 hat (worn)
 y - the +1 robe of Wu Jian's Respect {rC++ Str-2 Dex+2 Slay+2}
   (You bought it in a shop on level 6 of the Dungeon)

   Str:       It affects your strength (-2).
   Dex:       It affects your dexterity (+2).
   Slay:      It affects your accuracy & damage with ranged weapons and melee
   (+2).
   rC:        It greatly protects you from cold.
 G - +0 acid dragon scales (worn)
 H - a +2 cloak of preservation (worn)
 V - a +0 tower shield
Jewellery
 v - a ring of see invisible
 x - a +4 ring of evasion
 C - the ring of Yrruocis (left claw) {*Corrode rPois rC+ rN+ Will+++}
   (You found it on level 5 of the Lair of Beasts)

   [ring of protection from cold]

   rC:        It protects you from cold.
   rPois:     It protects you from poison.
   rN:        It protects you from negative energy.
   *Corrode:  It may corrode you when you take damage.
   Will:      It greatly increases your willpower.
 I - a ring of ice
 K - a +4 ring of protection (right claw)
 L - a ring of protection from cold
 P - a ring of protection from fire
 S - the ring of Suotiomi {rC+ rN+ Dex-5 SInv}
   (You found it in a Gauntlet)

   [ring of positive energy]

   Dex:       It affects your dexterity (-5).
   rC:        It protects you from cold.
   rN:        It protects you from negative energy.
   SInv:      It lets you see invisible.
 X - a ring of willpower
 Y - an amulet of regeneration (around neck)
Wands
 m - a wand of digging (11)
 M - a wand of charming (8)
 T - a wand of paralysis (11)
 W - a wand of polymorph (12)
Scrolls
 c - 2 scrolls of amnesia
 g - 6 scrolls of blinking
 i - 4 scrolls of teleportation
 n - 4 scrolls of enchant armour
 o - a scroll of identify
 r - 2 scrolls of enchant weapon
 D - 3 scrolls of fear
 F - 2 scrolls of fog
Potions
 b - 3 potions of flight
 d - 6 potions of magic
 e - 5 potions of attraction
 f - 3 potions of resistance
 h - 5 potions of curing
 j - 3 potions of mutation
 k - 4 potions of haste
 p - 5 potions of ambrosia
 q - 4 potions of cancellation
 u - 2 potions of invisibility
 w - 3 potions of brilliance
 E - 3 potions of might
 J - 2 potions of lignification
 Q - 5 potions of heal wounds
 R - a potion of berserk rage
Miscellaneous
 l - a tin of tremorstones (1/2)
 B - a phial of floods
 U - a lightning rod (4/4)


   Skills:
 + Level 11.5 Fighting
 + Level 8.8 Shields
 * Level 17.9 Unarmed Combat
 - Level 1.0 Spellcasting
 - Level 2.1 Fire Magic
 + Level 6.8 Evocations


You had 15 spell levels left.
You didn't know any spells.
Your spell library contained the following spells:

 Spells                   Type           Power      Damage    Failure   Level
 Scorch                   Fire           8%         2d5       26%         2
 Foxfire                  Conj/Fire      8%         2x1d4     28%         1
 Animate Skeleton         Necr           0%         N/A       41%         1
 Pain                     Necr           0%         1d4       41%         1
 Sting                    Tmut/Pois      0%         1d3       41%         1
 Passwall                 Tmut/Erth      0%         N/A       54%         2
 Poisonous Vapours        Pois/Air       0%         N/A       54%         2
 Slow                     Hex            0%         N/A       54%         2
 Conjure Flame            Conj/Fire      2%         6-21      63%         3
 Inner Flame              Hex/Fire       2%         N/A       63%         3
 Ignite Poison            Fire/Tmut/Pois 1%         N/A       69%         3
 Confusing Touch          Hex            0%         N/A       78%         3
 Dazzling Flash           Conj/Hex       0%         N/A       78%         3
 Ozocubu's Armour         Ice            0%         N/A       78%         3
 Swiftness                Air            0%         N/A       78%         3
 Vampiric Draining        Necr           0%         2d6       78%         3
 Flame Wave               Conj/Fire      2%         3d3       95%         4
 Sticky Flame             Conj/Fire      2%         2d3       95%         4
 Animate Dead             Necr           0%         N/A       99%         4
 Iskenderun's Mystic Bla  Conj/Tloc      0%         2d3       99%         4
 Olgreb's Toxic Radiance  Pois           0%         N/A       99%         4
 Agony                    Necr           0%         N/A       100%        5
 Borgnjor's Vile Clutch   Necr/Erth      0%         N/A       100%        5
 Excruciating Wounds      Necr           0%         N/A       100%        5
 Yara's Violent Unravell  Hex/Tmut       0%         3d3       100%        5
 Death Channel            Necr           0%         N/A       100%        6
 Invisibility             Hex            0%         N/A       100%        6
 Starburst                Conj/Fire      1%         6d3       100%        6
 Ozocubu's Refrigeration  Ice            0%         4d5       100%        7


Dungeon Overview and Level Annotations

Branches:
Dungeon (11/15)            Temple (0/1) D:5            Lair (6/6) D:11
  Swamp (0/4) Lair:3        Snake (0/4) Lair:4        Slime (0/5) Lair:5
    Orc (2/2) D:11            Elf (0/3) Orc:2       Volcano (visited)
Gauntlet (visited)

Altars:
Cheibriados
Trog
Zin
Jiyva
Lugonu

Shops:
D:1 (   D:3 (*   D:4 (*   D:6 *((![

Portals:
Abyss: D:9

Annotations:
D:6 2 transporters, RandomusNamus's ghost, novice DjFE
Lair:5 1 runed translucent door, Bihe's ghost, journeyman HuBe
Lair:6 3 runed translucent doors, Dittersdorf's ghost, journeyman GrFi


Innate Abilities, Weirdness & Mutations

You are too large for most types of armour.
You have claws for hands.
Your natural rate of healing is unusually fast.
You are covered in fur. (AC +1)
You have tough skin. (AC +1)


Message History

The orc high priest is severely wounded.
The ufetubus closely misses you. You block the ufetubus's attack.
The orc high priest hits you with a +0 halberd!
* * * LOW HITPOINT WARNING * * *
The ufetubus hits you.
* * * LOW HITPOINT WARNING * * *
The ufetubus hits you.
* * * LOW HITPOINT WARNING * * *
The ynoxinul hits you but does no damage.
You block the ufetubus's attack. The ufetubus hits you.
* * * LOW HITPOINT WARNING * * *
The ufetubus hits you but does no damage. x2
An orc wizard comes into view. It is wielding a +0 dagger.
The orc priest hits you with a +0 war axe!
* * * LOW HITPOINT WARNING * * *
As you read the scroll of fear, it crumbles to dust.
You assume a fearsome visage.
The orc wizard looks frightened!
The orc priest looks frightened!
The ufetubus is unaffected. x4
The rust devil is unaffected.
The ufetubus is unaffected.
The orc high priest resists with some effort.
The ynoxinul is unaffected.
The ufetubus is unaffected.
The orc priest looks frightened!
The orc wizard looks frightened! x2
The ufetubus is unaffected. x2; The ufetubus barely misses you.
You block the ufetubus's attack.
The ufetubus hits you but does no damage. x2
The rust devil hits you. The rust devil corrodes you!
The orc wizard gestures wildly while chanting.
The orc wizard flickers and vanishes!
Deactivating autopickup; reactivate with Ctrl-A.
The ufetubus hits you.
* * * LOW HITPOINT WARNING * * *
The ufetubus hits you.
* * * LOW HITPOINT WARNING * * *
The ufetubus closely misses you. The ufetubus hits you.
* * * LOW HITPOINT WARNING * * *
The ynoxinul gestures at you. The iron shot hits you!!
* * * LOW HITPOINT WARNING * * *
You block the orc high priest's attack. The ufetubus hits you.
You die...

.................#,*,**,,,,*,,**,
.................#,.#*,,.***,,,**
.................##.##..##,,*^,,*
..................#..*..#$,*,,∩**
..[[).............#(#♣..##,,****,
..[.[..........<..##♣....##*#.,,,
..[[[..........55.....##..##..,,,
............<.55o5...........,,,,
..............53@4.......#.#**,*,
...............5o5){......##*#**,
.....###############).o....#.#,**
....##,,,,,,,,,,,,,##..o..#...,,,
...##,,,,,,,,,,,,,,,##)o......,,,
...#,,,,,,*****,,,,,,#.o......,,,
...#,,,,,,,*,*,,,,,,,#))......*,,
...#,,,,,*,,,,,*,,,,,#).......,,,
...#,,,,***,,,***,,,,#).......,,,


You could see an orc high priest, a rust devil (summoned), a ynoxinul
(summoned), 2 orc priests, 2 orc wizards and 8 ufetubi.

Vanquished Creatures
  A dire elephant (Lair:6)
  A minotaur (Gauntlet)
  A red draconian (Volcano)
  A blizzard demon (Gauntlet)
  Fannar (D:11)
  A boulder beetle (Lair:5)
  8 hydras
  A merfolk avatar (Lair:6)
  Erica (D:11)
  A two-headed ogre (D:9)
  6 death yaks (Lair:3)
  4 orc high priests
  Sonja (D:11)
  A salamander mystic (Volcano)
  A sea snake (Lair:6)
  A lindwurm (Orc:2)
  2 harpies (Lair:6)
  An orc knight (D:11)
  2 orc sorcerers
  6 salamanders (Volcano)
  3 manticores
  6 elephants
  The ghost of Rennog the Skirmisher, a novice DrTm of Trog (D:7)
  A centaur zombie (D:10)
  8 black mambas
  16 cane toads
  5 torpor snails
  14 komodo dragons
  5 rime drakes
  3 trolls
  A queen bee (Orc:1)
  12 blink frogs
  2 polar bears
  19 dream sheep
  A wind drake (Lair:6)
  A vampire (D:8)
  Sigmund (D:4)
  6 shadows
  55 yaks
  3 basilisks
  2 wraiths (D:9)
  2 wyverns (Lair:4)
  3 steam dragons
  2 two-headed ogre zombies (D:11)
  16 water moccasins
  2 acid dragons
  12 orc warriors
  An ice beast (D:7)
  A sky beast (D:6)
  5 black bears
  11 wolves
  An ogre (D:4)
  A centaur (D:6)
  2 phantoms (D:11)
  3 kobold brigands
  11 bullfrogs
  Blork the orc (D:4)
  7 gnoll sergeants
  A scorpion (D:5)
  3 troll zombies (D:11)
  2 water moccasin skeletons
  The ghost of SkeletonJelly the Sneak, a weakling DgDe (D:4)
  25 killer bees (Orc:1)
  3 howler monkeys (D:11)
  3 wights (D:7)
  11 hounds
  Crazy Yiuf (D:4)
  4 gnoll shamans
  19 orc priests
  A jelly (D:6)
  Ijyb (D:4)
  4 iguanas
  13 orc wizards
  12 hell rats (Lair:4)
  3 ogre zombies (D:11)
  A hound skeleton (D:4)
  8 adders
  34 gnolls
  15 white imps
  An adder skeleton (D:4)
  5 worms
  The ghost of SirDiesAlot the Sneak, a weakling MiDe (D:5)
  2 dart slugs (D:1)
  46 orcs
  9 endoplasms
  3 giant cockroaches
  4 hobgoblins
  3 jackals (D:6)
  6 quokkas
  7 ball pythons
  5 bats
  4 frilled lizards
  5 goblins
  3 goblin skeletons (D:11)
  2 goblin zombies (D:11)
  A hobgoblin skeleton (D:11)
  2 hobgoblin zombies (D:11)
  A jackal skeleton (D:4)
  27 kobolds
  4 orc skeletons (D:11)
  13 orc zombies (D:11)
  8 rats
615 creatures vanquished.

Vanquished Creatures (others)
  An orc wizard (Orc:2)
  38 fungi
  A lurking horror (D:9)
  64 plants
104 creatures vanquished.

Grand Total: 719 creatures vanquished

Notes
Turn   | Place    | Note
-------+----------+-------------------------------------------
     0 | D:1      | lunkers the Troll Cinder Acolyte began the quest for the
                  | Orb.
     0 | D:1      | Reached XP level 1. HP: 22/22 MP: 1/1
     6 | D:1      | Noticed an iguana
     6 | D:1      | Noticed a killer bee
     6 | D:1      | Noticed a black mamba
     7 | D:1      | Noticed a lindwurm
     7 | D:1      | Noticed a swamp drake
   112 | D:1      | Reached XP level 2. HP: 29/29 MP: 2/2
   208 | D:1      | Found Veluubiph's Antique Weapon Shoppe.
   405 | D:1      | Reached XP level 3. HP: 34/36 MP: 3/3
   593 | D:2      | Reached skill level 4 in Unarmed Combat
   847 | D:2      | Reached XP level 4. HP: 45/45 MP: 4/4
  1119 | D:3      | Found a faded altar of an unknown god.
  1126 | D:3      | Found Vufam's Armour Emporium.
  1342 | D:3      | Found Yrob Ytif's Assorted Antiques.
  1362 | D:3      | Reached skill level 5 in Unarmed Combat
  1404 | D:3      | Found Kittetae's Antique Weapon Shoppe.
  1611 | D:3      | Reached XP level 5. HP: 53/53 MP: 5/5
  1685 | D:4      | Found a runed translucent gate.
  1685 | D:4      | Found a runed translucent gate.
  1685 | D:4      | Found a runed translucent gate.
  1915 | D:4      | Noticed an ogre
  1918 | D:4      | Noticed SkeletonJelly's ghost (weakling DgDe)
  1920 | D:4      | Noticed Blork the orc
  1940 | D:4      | Killed Blork the orc
  1941 | D:4      | Reached XP level 6. HP: 45/62 MP: 6/6
  1961 | D:4      | Noticed Ijyb
  1969 | D:4      | Killed Ijyb
  1989 | D:4      | Noticed Sigmund
  1990 | D:4      | Reached skill level 6 in Unarmed Combat
  2013 | D:4      | Found Uzoryt's General Store.
  2073 | D:4      | Killed Sigmund
  2074 | D:4      | Reached skill level 7 in Unarmed Combat
  2074 | D:4      | Reached XP level 7. HP: 53/71 MP: 7/7
  2129 | D:4      | Found Hiuxi's Weapon Shoppe.
  2206 | D:4      | Found a runed translucent door.
  2207 | D:4      | Noticed Crazy Yiuf
  2573 | D:4      | Killed Crazy Yiuf
  2631 | D:4      | Killed SkeletonJelly's ghost
  2632 | D:4      | Reached skill level 5 in Fighting
  2632 | D:4      | Reached skill level 8 in Unarmed Combat
  2722 | D:5      | Entered Level 5 of the Dungeon
  2820 | D:5      | Found a runed translucent door.
  2829 | D:5      | Noticed SirDiesAlot's ghost (weakling MiDe)
  2914 | D:5      | Found a staircase to the Ecumenical Temple.
  3039 | D:5      | Reached XP level 8. HP: 80/80 MP: 8/8
  3451 | D:5      | Killed SirDiesAlot's ghost
  3483 | D:6      | Noticed a two-headed ogre
  3483 | D:6      | Noticed RandomusNamus's ghost (novice DjFE)
  3483 | D:6      | Found a transporter.
  3483 | D:6      | Found a transporter.
  3491 | D:6      | Reached skill level 9 in Unarmed Combat
  3640 | D:6      | Found Dest's Distillery.
  3811 | D:6      | Reached skill level 10 in Unarmed Combat
  3822 | D:6      | Reached XP level 9. HP: 87/89 MP: 9/9
  3879 | D:6      | Found Ysyrghod's Assorted Antiques.
  3986 | D:6      | Found Fegelor's Weapon Shop.
  3988 | D:6      | Found Wainlil's Antique Weapon Emporium.
  4134 | D:6      | Found Cyloacwu's Antique Armour Boutique.
  4144 | D:6      | Bought a smoking robe for 108 gold pieces
  4144 | D:6      | Identified the +1 robe of Wu Jian's Respect {rC++ Str-2
                  | Dex+2 Slay+2} (You bought it in a shop on level 6 of the
                  | Dungeon)
  4397 | D:6      | Noticed a moth of wrath
  4400 | D:6      | Found a bloodstained altar of Trog.
  4441 | D:6      | Identified the +7 hunting sling of Bloody Death {freeze,
                  | Fly rN+ Int-2 Dex+2}
  4443 | D:6      | Identified the +8 flail of the Sixty-Six Ships {pain, *Rage
                  | Fragile rN++ Dex+2}
  4623 | D:6      | Reached skill level 11 in Unarmed Combat
  4866 | D:7      | Noticed Rennog's ghost (novice DrTm)
  4869 | D:7      | Found a runed translucent door.
  6167 | D:8      | Reached XP level 10. HP: 67/102 MP: 10/10
  6223 | D:8      | Reached skill level 12 in Unarmed Combat
  6839 | D:9      | Noticed a two-headed ogre
  6850 | D:9      | Killed a two-headed ogre
  6967 | D:6      | Bought an embroidered cloak for 142 gold pieces
  7038 | D:6      | Bought a kite shield for 130 gold pieces
  7122 | D:7      | Killed Rennog's ghost
  7236 | D:9      | Found a one-way gate to the infinite horrors of the Abyss.
  7239 | D:9      | Found a corrupted altar of Lugonu.
  7330 | D:9      | Reached skill level 1 in Shields
  8006 | D:10     | Entered Level 10 of the Dungeon
  8033 | D:10     | Reached skill level 13 in Unarmed Combat
  8850 | D:11     | Noticed Sonja
  8852 | D:11     | Killed Sonja
  8875 | D:11     | Reached XP level 11. HP: 76/113 MP: 11/11
  8896 | D:11     | Found a staircase to the Lair.
  8909 | D:11     | Noticed Fannar
  9146 | D:11     | Killed Fannar
  9350 | D:11     | Identified a scroll of acquirement
  9350 | D:11     | Acquired a +2 hat
  9438 | D:11     | Found a staircase to the Orcish Mines.
  9760 | D:11     | Reached skill level 14 in Unarmed Combat
  9823 | D:11     | Noticed Erica
  9846 | D:11     | HP: 4/113 [something (13)]
  9849 | D:11     | Killed Erica
 10266 | Lair:1   | Entered Level 1 of the Lair of Beasts
 10401 | Lair:1   | Reached skill level 1 in Evocations
 11205 | Lair:2   | Found a glowing silver altar of Zin.
 11495 | Lair:2   | Reached XP level 12. HP: 124/124 MP: 12/12
 11669 | Lair:2   | Reached skill level 5 in Shields
 11759 | Lair:3   | Noticed a seven-headed hydra
 11770 | Lair:3   | Killed a seven-headed hydra
 11854 | Lair:3   | Noticed a four-headed hydra
 11870 | Lair:3   | Killed a four-headed hydra
 11871 | Lair:3   | Reached skill level 15 in Unarmed Combat
 12198 | Lair:3   | Identified the +7 great sword of the Reaper {vamp, Will+
                  | Int+2 Dex-4}
 12416 | Lair:3   | Found a staircase to the Swamp.
 12665 | Lair:4   | Found a gate leading to a gauntlet.
 12696 | Gauntlet | Entered a Gauntlet
 12696 | Gauntlet | Found a transporter.
 12696 | Gauntlet | Found a transporter.
 12696 | Gauntlet | Found a transporter.
 12706 | Gauntlet | Found a transporter.
 12709 | Gauntlet | Found a transporter.
 12718 | Gauntlet | Found a transporter.
 12720 | Gauntlet | Found a transporter.
 12727 | Gauntlet | Found a runed translucent door.
 12730 | Gauntlet | Found a transporter.
 12736 | Gauntlet | Noticed a blizzard demon
 12742 | Gauntlet | Found a large runed translucent door.
 12743 | Gauntlet | Found a large runed translucent door.
 12744 | Gauntlet | Found a large runed translucent door.
 12744 | Gauntlet | Found a large runed translucent door.
 12745 | Gauntlet | Found a runed translucent gate.
 12746 | Gauntlet | Found a large runed translucent door.
 12746 | Gauntlet | Found a large runed translucent door.
 12746 | Gauntlet | Found a runed translucent door.
 12746 | Gauntlet | Found a transporter.
 12746 | Gauntlet | Found a runed translucent gate.
 12747 | Gauntlet | Found a large runed translucent door.
 12748 | Gauntlet | Found a large runed translucent door.
 12750 | Gauntlet | Found a transporter.
 12753 | Gauntlet | Found a transporter.
 12755 | Gauntlet | Found a runed translucent door.
 12755 | Gauntlet | Found a runed translucent gate.
 12763 | Gauntlet | Found a transporter.
 12816 | Gauntlet | Found a large runed translucent door.
 12817 | Gauntlet | Found a large runed translucent door.
 12818 | Gauntlet | Found a large runed translucent door.
 12818 | Gauntlet | Found a large runed translucent door.
 12819 | Gauntlet | Found a large runed translucent door.
 12820 | Gauntlet | Found a large runed translucent door.
 12821 | Gauntlet | Found a large runed translucent door.
 12821 | Gauntlet | Found a large runed translucent door.
 12960 | Gauntlet | Killed a blizzard demon
 12975 | Gauntlet | Identified the ring of Suotiomi {rC+ rN+ Dex-5 SInv}
 13042 | Gauntlet | Noticed a minotaur
 13059 | Gauntlet | Killed a minotaur
 13060 | Gauntlet | Reached skill level 10 in Fighting
 13067 | Gauntlet | Identified the +4 flail of Valour {speed, +Blink rF+ Str+4}
 13067 | Gauntlet | Identified the +0 glaive of the Inferno {spect, *Rage rPois
                  | Int+3}
 13109 | Lair:4   | Found a staircase to the Snake Pit.
 13158 | Lair:4   | Noticed a death yak
 13158 | Lair:4   | Noticed a death yak
 13159 | Lair:4   | Noticed a death yak
 13159 | Lair:4   | Noticed a death yak
 13161 | Lair:4   | Noticed a death yak
 13162 | Lair:4   | Noticed a death yak
 13192 | Lair:3   | Killed a death yak
 13198 | Lair:3   | Killed a death yak
 13224 | Lair:4   | Noticed a six-headed hydra
 13229 | Lair:4   | Killed a six-headed hydra
 13246 | Lair:4   | Reached XP level 13. HP: 107/133 MP: 13/13
 13736 | Lair:3   | Reached skill level 16 in Unarmed Combat
 14303 | Lair:5   | Found a viscous altar of Jiyva.
 14304 | Lair:5   | Found a staircase to the Slime Pits.
 14527 | Lair:5   | Reached skill level 5 in Evocations
 14554 | Lair:5   | Found a snail-covered altar of Cheibriados.
 14885 | Lair:5   | Found a runed translucent door.
 14886 | Lair:5   | Identified the +6 trident "Huditt" {flame, Dex+6}
 14886 | Lair:5   | Noticed Bihe's ghost (journeyman HuBe)
 15297 | Lair:5   | Identified the ring of Yrruocis {*Corrode rPois rC+ rN+
                  | Will+++}
 15609 | Lair:6   | Entered Level 6 of the Lair of Beasts
 15753 | Lair:6   | Reached XP level 14. HP: 66/144 MP: 14/14
 15811 | Lair:6   | Reached skill level 17 in Unarmed Combat
 16186 | Lair:6   | Found a runed translucent gate.
 16186 | Lair:6   | Found a runed translucent gate.
 16199 | Lair:6   | Found a runed translucent gate.
 16201 | Lair:6   | Noticed a quicksilver ooze
 16222 | Lair:6   | Noticed Dittersdorf's ghost (journeyman GrFi)
 17066 | Orc:1    | Entered Level 1 of the Orcish Mines
 17463 | Orc:2    | Entered Level 2 of the Orcish Mines
 17570 | Orc:2    | Found a dark tunnel.
 17585 | Volcano  | Entered a volcano
 17623 | Volcano  | Found a bloodstained altar of Trog.
 17841 | Orc:2    | Found a staircase to the Elven Halls.
 18007 | Orc:2    | HP: 1/146 [ynoxinul/iron shot[an orc high priest] (29)]
 18007 | Orc:2    | Slain by an ufetubus

Illustrated notes

Levels and vault maps discovered:
D:1:      onia_arrival_zoo_common, layout_rooms, serial_shops,
          nicolae_shop_stone, corexii_item_surrounded_by_moat
D:2:      layout_basic
D:3:      layout_basic, serial_shops, nicolae_shop_trees, shop, shop,
          ebering_ecumenical_altar_webs
D:4:      layout_rooms, gammafunk_ghost_split, serial_shops,
          nicolae_shop_crystal, nicolae_shop_waterfront,
          kennysheep_cross_bottleneck, uniq_ijyb, uniq_blork_the_orc,
          uniq_sigmund, uniq_crazy_yiuf_cottage
D:5:      layout_basic, lemuel_temple_firewalk_b, ebering_ghost_sewer_d
D:6:      layout_cave_pools, tgw_trog, serial_shops, nicolae_lakefront_shop,
          shop, shop, shop, shop_fountains, serial_gnoll_camp,
          gnoll_camp_mini_basic, gnoll_camp_mini_basic,
          gnoll_camp_mini_sergeant, gnoll_camp_mini_loothouse,
          gnoll_camp_medium_01, gnoll_camp_huts_basic, gammafunk_ghost_arena
D:7:      layout_loops_corners, hellmonk_ghost_happy_afterlife
D:8:      layout_cave_pods, dk_noncrumbling_2, nzn_life_drinkers
D:9:      layout_stronghold, amcnicky_altar_lugonu_corruption
D:10:     layout_long_grid
D:11:     layout_irregular_city, lair_entry_dummy, zombieorc2_lemuel,
          uniq_erica, uniq_fannar, uniq_sonja
Lair:1:   layout_regular_city
Lair:2:   layout_regular_city, basic_altar
Lair:3:   layout_regular_city, swamp_mist, chequers_serial_rivers_micro_d
Lair:4:   layout_gridlike, dummy_snake_entry, gauntlet_entry_generic,
          portal_ice_cave_entry_imps
Lair:5:   layout_cellular_growth, slime_altar_1, ebering_ghost_funeral_grove,
          kennysheep_snail_temple, grunt_megastairs_2
Lair:6:   gammafunk_lair_ancient_temple, layout_regular_city,
          gammafunk_ghost_ooze
Orc:1:    layout_caves, basic_altar, special_room [special_room_bee]
Orc:2:    st_orc_mages, layout_caves, basic_altar,
          gammafunk_ghost_abyssal_escape, nicolae_volcano_entry_vermiform,
          minmay_orc_temple_c

Skill      XL: |  1  2  3  4  5  6  7  8  9 10 11 12 13 14 |
---------------+-------------------------------------------+-----
Unarmed Combat | 4 5 7 8 10 11 13 14 15 16 17 | 17.9
Fighting       | 3 4 5 6 7 8 9 10 11 | 11.5
Shields        | 2 4 6 7 8 |  8.8
Evocations     | 2 4 5 6 |  6.8
Spellcasting   | |  1.0
Fire Magic     | |  2.1

Action                   |  1- 3 |  4- 6 |  7- 9 | 10-12 | 13-15 || total
-------------------------+-------+-------+-------+-------+-------++-------
Melee: Unarmed           |    97 |   126 |   315 |   527 |   795 ||  1860
       Punch             |       |     2 |    12 |     4 |       ||    18
Evoke: Wand              |       |       |       |    27 |    46 ||    73
       Tin of tremorston |       |       |       |       |     3 ||     3
       Lightning rod     |       |       |       |       |     6 ||     6
       Phial of floods   |       |       |       |       |     1 ||     1
  Use: Scroll            |       |       |     6 |    23 |     8 ||    37
       Potion            |       |       |       |     4 |       ||     4
 Stab: Paralysed         |       |       |       |       |     4 ||     4
Armor: Robe              |    37 |    46 |   133 |     1 |       ||   217
       Acid dragon scale |       |       |       |   261 |   470 ||   731
Dodge: Dodged            |    43 |    57 |   132 |   139 |   330 ||   701
Block: Kite shield       |       |       |       |   211 |   398 ||   609
       Tower shield      |       |       |       |       |    41 ||    41

Table legend: (Time is in decaauts)
 A = Elapsed time spent in this place.
 B = Non-inter-level travel time spent in this place.
 C = Inter-level travel time spent in this place.
 D = Time resting spent in this place.
 E = Time spent auto-exploring this place.
 F = Levels seen in this place.
 G = Mean time per level.
                   A        B        C        D        E       F      G
               +--------+--------+--------+--------+--------+-----+--------+
         Total |  17772 |  16927 |    845 |    708 |  11417 |  21 |  846.3 |
       Dungeon |  10276 |   9732 |    544 |    308 |   7058 |  11 |  934.2 |
          Lair |   6277 |   6002 |    275 |    279 |   4089 |   6 | 1046.2 |
  Orcish Mines |    625 |    600 |     25 |     40 |    205 |   2 |  312.5 |
       Volcano |    186 |    186 |      0 |      6 |     27 |   1 |  186.0 |
      Gauntlet |    406 |    406 |      0 |     75 |     37 |   1 |  406.0 |
               +--------+--------+--------+--------+--------+-----+--------+

Top non-repeatable levels by time:
    D:11: 1370 daAuts
     D:6: 1327 daAuts
  Lair:5: 1326 daAuts
  Lair:6: 1270 daAuts
  Lair:3: 1190 daAuts
     D:7: 1143 daAuts
     D:8: 1060 daAuts
     D:4: 1026 daAuts
  Lair:4: 996 daAuts
    D:10: 965 daAuts
     D:5: 862 daAuts
     D:9: 846 daAuts
  Lair:1: 785 daAuts
  Lair:2: 708 daAuts
     D:3: 610 daAuts
